Workbook

Sheet Intervalos
A1: Intervalos de manutenção
A2: Estes intervalos são só exemplo. Troque pelos que constam no manual do seu veículo.
A4: Serviço | B4: Intervalo (km) | C4: Intervalo (meses)
A5: Troca de óleo e filtro | B5: 10000 | C5: 12
A6: Filtro de ar | B6: 15000 | C6: 12
A7: Pneus (rodízio) | B7: 10000 | C7: 6
A8: Pastilhas de freio | B8: 30000 | C8: 24
A9: Correia dentada | B9: 60000 | C9: 48
A10: Bateria | B10: 0 | C10: 36
A11: Revisão geral | B11: 10000 | C11: 12
A12: Alinhamento e balanceamento | B12: 10000 | C12: 12
A21: Deixe 0 em km se o serviço só tem prazo em meses (ou 0 em meses se só tem km).

Sheet Manutenções
A1: Histórico de manutenções
A2: Uma linha por serviço feito. A próxima revisão por km e por data vem dos intervalos.
A4: Data | B4: Km do carro | C4: Serviço | D4: Oficina | E4: Peças (R$) | F4: Mão de obra (R$) | G4: Total (R$) | H4: Próxima em (km) | I4: Próxima em (data)
A5: 46091 | B5: 41200 | C5: Troca de óleo e filtro | D5: Auto Center Sul | E5: 180 | F5: 60 | G5: =IF(C5="","",N(E5)+N(F5)) -> 240 | H5: =IF(OR(C5="",B5=""),"",IF(N(VLOOKUP(C5,Intervalos!$A$5:$C$19,2,FALSE))=0,"",B5+VLOOKUP(C5,Intervalos!$A$5:$C$19,2,FALSE))) -> 51200 | I5: =IF(OR(C5="",A5=""),"",IF(N(VLOOKUP(C5,Intervalos!$A$5:$C$19,3,FALSE))=0,"",EDATE(A5,VLOOKUP(C5,Intervalos!$A$5:$C$19,3,FALSE)))) -> 46456
A6: 46091 | B6: 41200 | C6: Filtro de ar | D6: Auto Center Sul | E6: 55 | F6: 0 | G6: =IF(C6="","",N(E6)+N(F6)) -> 55 | H6: =IF(OR(C6="",B6=""),"",IF(N(VLOOKUP(C6,Intervalos!$A$5:$C$19,2,FALSE))=0,"",B6+VLOOKUP(C6,Intervalos!$A$5:$C$19,2,FALSE))) -> 56200 | I6: =IF(OR(C6="",A6=""),"",IF(N(VLOOKUP(C6,Intervalos!$A$5:$C$19,3,FALSE))=0,"",EDATE(A6,VLOOKUP(C6,Intervalos!$A$5:$C$19,3,FALSE)))) -> 46456
A7: 46256 | B7: 46800 | C7: Pneus (rodízio) | D7: Pneus & Cia | E7: 0 | F7: 80 | G7: =IF(C7="","",N(E7)+N(F7)) -> 80 | H7: =IF(OR(C7="",B7=""),"",IF(N(VLOOKUP(C7,Intervalos!$A$5:$C$19,2,FALSE))=0,"",B7+VLOOKUP(C7,Intervalos!$A$5:$C$19,2,FALSE))) -> 56800 | I7: =IF(OR(C7="",A7=""),"",IF(N(VLOOKUP(C7,Intervalos!$A$5:$C$19,3,FALSE))=0,"",EDATE(A7,VLOOKUP(C7,Intervalos!$A$5:$C$19,3,FALSE)))) -> 46440
A8: 46256 | B8: 46800 | C8: Alinhamento e balanceamento | D8: Pneus & Cia | E8: 0 | F8: 140 | G8: =IF(C8="","",N(E8)+N(F8)) -> 140 | H8: =IF(OR(C8="",B8=""),"",IF(N(VLOOKUP(C8,Intervalos!$A$5:$C$19,2,FALSE))=0,"",B8+VLOOKUP(C8,Intervalos!$A$5:$C$19,2,FALSE))) -> 56800 | I8: =IF(OR(C8="",A8=""),"",IF(N(VLOOKUP(C8,Intervalos!$A$5:$C$19,3,FALSE))=0,"",EDATE(A8,VLOOKUP(C8,Intervalos!$A$5:$C$19,3,FALSE)))) -> 46621
A9: 46295 | B9: 49000 | C9: Pastilhas de freio | D9: Freios Norte | E9: 260 | F9: 120 | G9: =IF(C9="","",N(E9)+N(F9)) -> 380 | H9: =IF(OR(C9="",B9=""),"",IF(N(VLOOKUP(C9,Intervalos!$A$5:$C$19,2,FALSE))=0,"",B9+VLOOKUP(C9,Intervalos!$A$5:$C$19,2,FALSE))) -> 79000 | I9: =IF(OR(C9="",A9=""),"",IF(N(VLOOKUP(C9,Intervalos!$A$5:$C$19,3,FALSE))=0,"",EDATE(A9,VLOOKUP(C9,Intervalos!$A$5:$C$19,3,FALSE)))) -> 47026
A10: 46424 | B10: 51600 | C10: Troca de óleo e filtro | D10: Auto Center Sul | E10: 190 | F10: 60 | G10: =IF(C10="","",N(E10)+N(F10)) -> 250 | H10: =IF(OR(C10="",B10=""),"",IF(N(VLOOKUP(C10,Intervalos!$A$5:$C$19,2,FALSE))=0,"",B10+VLOOKUP(C10,Intervalos!$A$5:$C$19,2,FALSE))) -> 61600 | I10: =IF(OR(C10="",A10=""),"",IF(N(VLOOKUP(C10,Intervalos!$A$5:$C$19,3,FALSE))=0,"",EDATE(A10,VLOOKUP(C10,Intervalos!$A$5:$C$19,3,FALSE)))) -> 46789
G11: =IF(C11="","",N(E11)+N(F11)) | H11: =IF(OR(C11="",B11=""),"",IF(N(VLOOKUP(C11,Intervalos!$A$5:$C$19,2,FALSE))=0,"",B11+VLOOKUP(C11,Intervalos!$A$5:$C$19,2,FALSE))) | I11: =IF(OR(C11="",A11=""),"",IF(N(VLOOKUP(C11,Intervalos!$A$5:$C$19,3,FALSE))=0,"",EDATE(A11,VLOOKUP(C11,Intervalos!$A$5:$C$19,3,FALSE))))
G12: =IF(C12="","",N(E12)+N(F12)) | H12: =IF(OR(C12="",B12=""),"",IF(N(VLOOKUP(C12,Intervalos!$A$5:$C$19,2,FALSE))=0,"",B12+VLOOKUP(C12,Intervalos!$A$5:$C$19,2,FALSE))) | I12: =IF(OR(C12="",A12=""),"",IF(N(VLOOKUP(C12,Intervalos!$A$5:$C$19,3,FALSE))=0,"",EDATE(A12,VLOOKUP(C12,Intervalos!$A$5:$C$19,3,FALSE))))
G13: =IF(C13="","",N(E13)+N(F13)) | H13: =IF(OR(C13="",B13=""),"",IF(N(VLOOKUP(C13,Intervalos!$A$5:$C$19,2,FALSE))=0,"",B13+VLOOKUP(C13,Intervalos!$A$5:$C$19,2,FALSE))) | I13: =IF(OR(C13="",A13=""),"",IF(N(VLOOKUP(C13,Intervalos!$A$5:$C$19,3,FALSE))=0,"",EDATE(A13,VLOOKUP(C13,Intervalos!$A$5:$C$19,3,FALSE))))
G14: =IF(C14="","",N(E14)+N(F14)) | H14: =IF(OR(C14="",B14=""),"",IF(N(VLOOKUP(C14,Intervalos!$A$5:$C$19,2,FALSE))=0,"",B14+VLOOKUP(C14,Intervalos!$A$5:$C$19,2,FALSE))) | I14: =IF(OR(C14="",A14=""),"",IF(N(VLOOKUP(C14,Intervalos!$A$5:$C$19,3,FALSE))=0,"",EDATE(A14,VLOOKUP(C14,Intervalos!$A$5:$C$19,3,FALSE))))
G15: =IF(C15="","",N(E15)+N(F15)) | H15: =IF(OR(C15="",B15=""),"",IF(N(VLOOKUP(C15,Intervalos!$A$5:$C$19,2,FALSE))=0,"",B15+VLOOKUP(C15,Intervalos!$A$5:$C$19,2,FALSE))) | I15: =IF(OR(C15="",A15=""),"",IF(N(VLOOKUP(C15,Intervalos!$A$5:$C$19,3,FALSE))=0,"",EDATE(A15,VLOOKUP(C15,Intervalos!$A$5:$C$19,3,FALSE))))
G16: =IF(C16="","",N(E16)+N(F16)) | H16: =IF(OR(C16="",B16=""),"",IF(N(VLOOKUP(C16,Intervalos!$A$5:$C$19,2,FALSE))=0,"",B16+VLOOKUP(C16,Intervalos!$A$5:$C$19,2,FALSE))) | I16: =IF(OR(C16="",A16=""),"",IF(N(VLOOKUP(C16,Intervalos!$A$5:$C$19,3,FALSE))=0,"",EDATE(A16,VLOOKUP(C16,Intervalos!$A$5:$C$19,3,FALSE))))
G17: =IF(C17="","",N(E17)+N(F17)) | H17: =IF(OR(C17="",B17=""),"",IF(N(VLOOKUP(C17,Intervalos!$A$5:$C$19,2,FALSE))=0,"",B17+VLOOKUP(C17,Intervalos!$A$5:$C$19,2,FALSE))) | I17: =IF(OR(C17="",A17=""),"",IF(N(VLOOKUP(C17,Intervalos!$A$5:$C$19,3,FALSE))=0,"",EDATE(A17,VLOOKUP(C17,Intervalos!$A$5:$C$19,3,FALSE))))
G18: =IF(C18="","",N(E18)+N(F18)) | H18: =IF(OR(C18="",B18=""),"",IF(N(VLOOKUP(C18,Intervalos!$A$5:$C$19,2,FALSE))=0,"",B18+VLOOKUP(C18,Intervalos!$A$5:$C$19,2,FALSE))) | I18: =IF(OR(C18="",A18=""),"",IF(N(VLOOKUP(C18,Intervalos!$A$5:$C$19,3,FALSE))=0,"",EDATE(A18,VLOOKUP(C18,Intervalos!$A$5:$C$19,3,FALSE))))
G19: =IF(C19="","",N(E19)+N(F19)) | H19: =IF(OR(C19="",B19=""),"",IF(N(VLOOKUP(C19,Intervalos!$A$5:$C$19,2,FALSE))=0,"",B19+VLOOKUP(C19,Intervalos!$A$5:$C$19,2,FALSE))) | I19: =IF(OR(C19="",A19=""),"",IF(N(VLOOKUP(C19,Intervalos!$A$5:$C$19,3,FALSE))=0,"",EDATE(A19,VLOOKUP(C19,Intervalos!$A$5:$C$19,3,FALSE))))
G20: =IF(C20="","",N(E20)+N(F20)) | H20: =IF(OR(C20="",B20=""),"",IF(N(VLOOKUP(C20,Intervalos!$A$5:$C$19,2,FALSE))=0,"",B20+VLOOKUP(C20,Intervalos!$A$5:$C$19,2,FALSE))) | I20: =IF(OR(C20="",A20=""),"",IF(N(VLOOKUP(C20,Intervalos!$A$5:$C$19,3,FALSE))=0,"",EDATE(A20,VLOOKUP(C20,Intervalos!$A$5:$C$19,3,FALSE))))
G21: =IF(C21="","",N(E21)+N(F21)) | H21: =IF(OR(C21="",B21=""),"",IF(N(VLOOKUP(C21,Intervalos!$A$5:$C$19,2,FALSE))=0,"",B21+VLOOKUP(C21,Intervalos!$A$5:$C$19,2,FALSE))) | I21: =IF(OR(C21="",A21=""),"",IF(N(VLOOKUP(C21,Intervalos!$A$5:$C$19,3,FALSE))=0,"",EDATE(A21,VLOOKUP(C21,Intervalos!$A$5:$C$19,3,FALSE))))
G22: =IF(C22="","",N(E22)+N(F22)) | H22: =IF(OR(C22="",B22=""),"",IF(N(VLOOKUP(C22,Intervalos!$A$5:$C$19,2,FALSE))=0,"",B22+VLOOKUP(C22,Intervalos!$A$5:$C$19,2,FALSE))) | I22: =IF(OR(C22="",A22=""),"",IF(N(VLOOKUP(C22,Intervalos!$A$5:$C$19,3,FALSE))=0,"",EDATE(A22,VLOOKUP(C22,Intervalos!$A$5:$C$19,3,FALSE))))
... G204: =IF(C204="","",N(E204)+N(F204)) | H204: =IF(OR(C204="",B204=""),"",IF(N(VLOOKUP(C204,Intervalos!$A$5:$C$19,2,FALSE))=0,"",B204+VLOOKUP(C204,Intervalos!$A$5:$C$19,2,FALSE))) | I204: =IF(OR(C204="",A204=""),"",IF(N(VLOOKUP(C204,Intervalos!$A$5:$C$19,3,FALSE))=0,"",EDATE(A204,VLOOKUP(C204,Intervalos!$A$5:$C$19,3,FALSE))))

Sheet Abastecimentos
A1: Abastecimentos e consumo
A2: Registre o tanque cheio sempre: km do hodômetro, litros e valor. O consumo é calculado entre abastecimentos.
A4: Data | B4: Km do carro | C4: Litros | D4: Valor pago (R$) | E4: Preço por litro | F4: Consumo (km/l) | G4: Custo por km | I4: Médias
A5: 46395 | B5: 50200 | C5: 38.4 | D5: 232 | E5: =IF(OR(C5="",D5=""),"",D5/C5) -> 6.0416667 | F5: ="" | G5: ="" | I5: Consumo médio (km/l) | J5: =IF(COUNT(F6:F204)=0,"",AVERAGE(F6:F204)) -> 13.25469
A6: 46411 | B6: 50700 | C6: 40.1 | D6: 241 | E6: =IF(OR(C6="",D6=""),"",D6/C6) -> 6.0099751 | F6: =IF(OR(B6="",B5="",C6=""),"",(B6-B5)/C6) -> 12.468828 | G6: =IF(OR(B6="",B5="",C6="",D6=""),"",D6/(B6-B5)) -> 0.482 | I6: Custo médio por km | J6: =IF(COUNT(G6:G204)=0,"",AVERAGE(G6:G204)) -> 0.46766892
A7: 46427 | B7: 51250 | C7: 41.5 | D7: 262 | E7: =IF(OR(C7="",D7=""),"",D7/C7) -> 6.313253 | F7: =IF(OR(B7="",B6="",C7=""),"",(B7-B6)/C7) -> 13.253012 | G7: =IF(OR(B7="",B6="",C7="",D7=""),"",D7/(B7-B6)) -> 0.47636364 | I7: Gasto total com combustível | J7: =SUM(D5:D204) -> 1250.5
A8: 46445 | B8: 51820 | C8: 42 | D8: 262.5 | E8: =IF(OR(C8="",D8=""),"",D8/C8) -> 6.25 | F8: =IF(OR(B8="",B7="",C8=""),"",(B8-B7)/C8) -> 13.571429 | G8: =IF(OR(B8="",B7="",C8="",D8=""),"",D8/(B8-B7)) -> 0.46052632
A9: 46461 | B9: 52380 | C9: 40.8 | D9: 253 | E9: =IF(OR(C9="",D9=""),"",D9/C9) -> 6.2009804 | F9: =IF(OR(B9="",B8="",C9=""),"",(B9-B8)/C9) -> 13.72549 | G9: =IF(OR(B9="",B8="",C9="",D9=""),"",D9/(B9-B8)) -> 0.45178571
E10: =IF(OR(C10="",D10=""),"",D10/C10) | F10: =IF(OR(B10="",B9="",C10=""),"",(B10-B9)/C10) | G10: =IF(OR(B10="",B9="",C10="",D10=""),"",D10/(B10-B9))
E11: =IF(OR(C11="",D11=""),"",D11/C11) | F11: =IF(OR(B11="",B10="",C11=""),"",(B11-B10)/C11) | G11: =IF(OR(B11="",B10="",C11="",D11=""),"",D11/(B11-B10))
E12: =IF(OR(C12="",D12=""),"",D12/C12) | F12: =IF(OR(B12="",B11="",C12=""),"",(B12-B11)/C12) | G12: =IF(OR(B12="",B11="",C12="",D12=""),"",D12/(B12-B11))
E13: =IF(OR(C13="",D13=""),"",D13/C13) | F13: =IF(OR(B13="",B12="",C13=""),"",(B13-B12)/C13) | G13: =IF(OR(B13="",B12="",C13="",D13=""),"",D13/(B13-B12))
E14: =IF(OR(C14="",D14=""),"",D14/C14) | F14: =IF(OR(B14="",B13="",C14=""),"",(B14-B13)/C14) | G14: =IF(OR(B14="",B13="",C14="",D14=""),"",D14/(B14-B13))
E15: =IF(OR(C15="",D15=""),"",D15/C15) | F15: =IF(OR(B15="",B14="",C15=""),"",(B15-B14)/C15) | G15: =IF(OR(B15="",B14="",C15="",D15=""),"",D15/(B15-B14))
E16: =IF(OR(C16="",D16=""),"",D16/C16) | F16: =IF(OR(B16="",B15="",C16=""),"",(B16-B15)/C16) | G16: =IF(OR(B16="",B15="",C16="",D16=""),"",D16/(B16-B15))
E17: =IF(OR(C17="",D17=""),"",D17/C17) | F17: =IF(OR(B17="",B16="",C17=""),"",(B17-B16)/C17) | G17: =IF(OR(B17="",B16="",C17="",D17=""),"",D17/(B17-B16))
E18: =IF(OR(C18="",D18=""),"",D18/C18) | F18: =IF(OR(B18="",B17="",C18=""),"",(B18-B17)/C18) | G18: =IF(OR(B18="",B17="",C18="",D18=""),"",D18/(B18-B17))
E19: =IF(OR(C19="",D19=""),"",D19/C19) | F19: =IF(OR(B19="",B18="",C19=""),"",(B19-B18)/C19) | G19: =IF(OR(B19="",B18="",C19="",D19=""),"",D19/(B19-B18))
E20: =IF(OR(C20="",D20=""),"",D20/C20) | F20: =IF(OR(B20="",B19="",C20=""),"",(B20-B19)/C20) | G20: =IF(OR(B20="",B19="",C20="",D20=""),"",D20/(B20-B19))
E21: =IF(OR(C21="",D21=""),"",D21/C21) | F21: =IF(OR(B21="",B20="",C21=""),"",(B21-B20)/C21) | G21: =IF(OR(B21="",B20="",C21="",D21=""),"",D21/(B21-B20))
... E204: =IF(OR(C204="",D204=""),"",D204/C204) | F204: =IF(OR(B204="",B203="",C204=""),"",(B204-B203)/C204) | G204: =IF(OR(B204="",B203="",C204="",D204=""),"",D204/(B204-B203))

Sheet Painel
A1: Painel do carro
A2: Digite a quilometragem atual. A planilha mostra o último serviço de cada tipo e se está em dia.
A3: Km atual do carro | B3: 52400
A5: Serviço | B5: Feito em (km) | C5: Feito em (data) | D5: Vence em (km) | E5: Vence em (data) | F5: Situação
A6: =IF(Intervalos!A5="","",Intervalos!A5) -> Troca de óleo e filtro | B6: =IF(A6="","",IF(COUNTIF('Manutenções'!$C$5:$C$204,A6)=0,"",SUMPRODUCT(MAX(('Manutenções'!$C$5:$C$204=A6)*'Manutenções'!$B$5:$B$204)))) -> 51600 | C6: =IF(A6="","",IF(COUNTIF('Manutenções'!$C$5:$C$204,A6)=0,"",SUMPRODUCT(MAX(('Manutenções'!$C$5:$C$204=A6)*'Manutenções'!$A$5:$A$204)))) -> 46424 | D6: =IF(OR(B6="",N(Intervalos!B5)=0),"",B6+Intervalos!B5) -> 61600 | E6: =IF(OR(C6="",N(Intervalos!C5)=0),"",EDATE(C6,Intervalos!C5)) -> 46789 | F6: =IF(A6="","",IF(B6="","Sem registro",IF(OR(AND(D6<>"",$B$3>=D6),AND(E6<>"",TODAY()>=E6)),"Vencido",IF(OR(AND(D6<>"",$B$3>=D6-1000),AND(E6<>"",TODAY()>=E6-30)),"Vence logo","Em dia")))) -> Em dia
A7: =IF(Intervalos!A6="","",Intervalos!A6) -> Filtro de ar | B7: =IF(A7="","",IF(COUNTIF('Manutenções'!$C$5:$C$204,A7)=0,"",SUMPRODUCT(MAX(('Manutenções'!$C$5:$C$204=A7)*'Manutenções'!$B$5:$B$204)))) -> 41200 | C7: =IF(A7="","",IF(COUNTIF('Manutenções'!$C$5:$C$204,A7)=0,"",SUMPRODUCT(MAX(('Manutenções'!$C$5:$C$204=A7)*'Manutenções'!$A$5:$A$204)))) -> 46091 | D7: =IF(OR(B7="",N(Intervalos!B6)=0),"",B7+Intervalos!B6) -> 56200 | E7: =IF(OR(C7="",N(Intervalos!C6)=0),"",EDATE(C7,Intervalos!C6)) -> 46456 | F7: =IF(A7="","",IF(B7="","Sem registro",IF(OR(AND(D7<>"",$B$3>=D7),AND(E7<>"",TODAY()>=E7)),"Vencido",IF(OR(AND(D7<>"",$B$3>=D7-1000),AND(E7<>"",TODAY()>=E7-30)),"Vence logo","Em dia")))) -> Em dia
A8: =IF(Intervalos!A7="","",Intervalos!A7) -> Pneus (rodízio) | B8: =IF(A8="","",IF(COUNTIF('Manutenções'!$C$5:$C$204,A8)=0,"",SUMPRODUCT(MAX(('Manutenções'!$C$5:$C$204=A8)*'Manutenções'!$B$5:$B$204)))) -> 46800 | C8: =IF(A8="","",IF(COUNTIF('Manutenções'!$C$5:$C$204,A8)=0,"",SUMPRODUCT(MAX(('Manutenções'!$C$5:$C$204=A8)*'Manutenções'!$A$5:$A$204)))) -> 46256 | D8: =IF(OR(B8="",N(Intervalos!B7)=0),"",B8+Intervalos!B7) -> 56800 | E8: =IF(OR(C8="",N(Intervalos!C7)=0),"",EDATE(C8,Intervalos!C7)) -> 46440 | F8: =IF(A8="","",IF(B8="","Sem registro",IF(OR(AND(D8<>"",$B$3>=D8),AND(E8<>"",TODAY()>=E8)),"Vencido",IF(OR(AND(D8<>"",$B$3>=D8-1000),AND(E8<>"",TODAY()>=E8-30)),"Vence logo","Em dia")))) -> Em dia
A9: =IF(Intervalos!A8="","",Intervalos!A8) -> Pastilhas de freio | B9: =IF(A9="","",IF(COUNTIF('Manutenções'!$C$5:$C$204,A9)=0,"",SUMPRODUCT(MAX(('Manutenções'!$C$5:$C$204=A9)*'Manutenções'!$B$5:$B$204)))) -> 49000 | C9: =IF(A9="","",IF(COUNTIF('Manutenções'!$C$5:$C$204,A9)=0,"",SUMPRODUCT(MAX(('Manutenções'!$C$5:$C$204=A9)*'Manutenções'!$A$5:$A$204)))) -> 46295 | D9: =IF(OR(B9="",N(Intervalos!B8)=0),"",B9+Intervalos!B8) -> 79000 | E9: =IF(OR(C9="",N(Intervalos!C8)=0),"",EDATE(C9,Intervalos!C8)) -> 47026 | F9: =IF(A9="","",IF(B9="","Sem registro",IF(OR(AND(D9<>"",$B$3>=D9),AND(E9<>"",TODAY()>=E9)),"Vencido",IF(OR(AND(D9<>"",$B$3>=D9-1000),AND(E9<>"",TODAY()>=E9-30)),"Vence logo","Em dia")))) -> Em dia
A10: =IF(Intervalos!A9="","",Intervalos!A9) -> Correia dentada | B10: =IF(A10="","",IF(COUNTIF('Manutenções'!$C$5:$C$204,A10)=0,"",SUMPRODUCT(MAX(('Manutenções'!$C$5:$C$204=A10)*'Manutenções'!$B$5:$B$204)))) | C10: =IF(A10="","",IF(COUNTIF('Manutenções'!$C$5:$C$204,A10)=0,"",SUMPRODUCT(MAX(('Manutenções'!$C$5:$C$204=A10)*'Manutenções'!$A$5:$A$204)))) | D10: =IF(OR(B10="",N(Intervalos!B9)=0),"",B10+Intervalos!B9) | E10: =IF(OR(C10="",N(Intervalos!C9)=0),"",EDATE(C10,Intervalos!C9)) | F10: =IF(A10="","",IF(B10="","Sem registro",IF(OR(AND(D10<>"",$B$3>=D10),AND(E10<>"",TODAY()>=E10)),"Vencido",IF(OR(AND(D10<>"",$B$3>=D10-1000),AND(E10<>"",TODAY()>=E10-30)),"Vence logo","Em dia")))) -> Sem registro
A11: =IF(Intervalos!A10="","",Intervalos!A10) -> Bateria | B11: =IF(A11="","",IF(COUNTIF('Manutenções'!$C$5:$C$204,A11)=0,"",SUMPRODUCT(MAX(('Manutenções'!$C$5:$C$204=A11)*'Manutenções'!$B$5:$B$204)))) | C11: =IF(A11="","",IF(COUNTIF('Manutenções'!$C$5:$C$204,A11)=0,"",SUMPRODUCT(MAX(('Manutenções'!$C$5:$C$204=A11)*'Manutenções'!$A$5:$A$204)))) | D11: =IF(OR(B11="",N(Intervalos!B10)=0),"",B11+Intervalos!B10) | E11: =IF(OR(C11="",N(Intervalos!C10)=0),"",EDATE(C11,Intervalos!C10)) | F11: =IF(A11="","",IF(B11="","Sem registro",IF(OR(AND(D11<>"",$B$3>=D11),AND(E11<>"",TODAY()>=E11)),"Vencido",IF(OR(AND(D11<>"",$B$3>=D11-1000),AND(E11<>"",TODAY()>=E11-30)),"Vence logo","Em dia")))) -> Sem registro
A12: =IF(Intervalos!A11="","",Intervalos!A11) -> Revisão geral | B12: =IF(A12="","",IF(COUNTIF('Manutenções'!$C$5:$C$204,A12)=0,"",SUMPRODUCT(MAX(('Manutenções'!$C$5:$C$204=A12)*'Manutenções'!$B$5:$B$204)))) | C12: =IF(A12="","",IF(COUNTIF('Manutenções'!$C$5:$C$204,A12)=0,"",SUMPRODUCT(MAX(('Manutenções'!$C$5:$C$204=A12)*'Manutenções'!$A$5:$A$204)))) | D12: =IF(OR(B12="",N(Intervalos!B11)=0),"",B12+Intervalos!B11) | E12: =IF(OR(C12="",N(Intervalos!C11)=0),"",EDATE(C12,Intervalos!C11)) | F12: =IF(A12="","",IF(B12="","Sem registro",IF(OR(AND(D12<>"",$B$3>=D12),AND(E12<>"",TODAY()>=E12)),"Vencido",IF(OR(AND(D12<>"",$B$3>=D12-1000),AND(E12<>"",TODAY()>=E12-30)),"Vence logo","Em dia")))) -> Sem registro
A13: =IF(Intervalos!A12="","",Intervalos!A12) -> Alinhamento e balanceamento | B13: =IF(A13="","",IF(COUNTIF('Manutenções'!$C$5:$C$204,A13)=0,"",SUMPRODUCT(MAX(('Manutenções'!$C$5:$C$204=A13)*'Manutenções'!$B$5:$B$204)))) -> 46800 | C13: =IF(A13="","",IF(COUNTIF('Manutenções'!$C$5:$C$204,A13)=0,"",SUMPRODUCT(MAX(('Manutenções'!$C$5:$C$204=A13)*'Manutenções'!$A$5:$A$204)))) -> 46256 | D13: =IF(OR(B13="",N(Intervalos!B12)=0),"",B13+Intervalos!B12) -> 56800 | E13: =IF(OR(C13="",N(Intervalos!C12)=0),"",EDATE(C13,Intervalos!C12)) -> 46621 | F13: =IF(A13="","",IF(B13="","Sem registro",IF(OR(AND(D13<>"",$B$3>=D13),AND(E13<>"",TODAY()>=E13)),"Vencido",IF(OR(AND(D13<>"",$B$3>=D13-1000),AND(E13<>"",TODAY()>=E13-30)),"Vence logo","Em dia")))) -> Em dia
A14: =IF(Intervalos!A13="","",Intervalos!A13) | B14: =IF(A14="","",IF(COUNTIF('Manutenções'!$C$5:$C$204,A14)=0,"",SUMPRODUCT(MAX(('Manutenções'!$C$5:$C$204=A14)*'Manutenções'!$B$5:$B$204)))) | C14: =IF(A14="","",IF(COUNTIF('Manutenções'!$C$5:$C$204,A14)=0,"",SUMPRODUCT(MAX(('Manutenções'!$C$5:$C$204=A14)*'Manutenções'!$A$5:$A$204)))) | D14: =IF(OR(B14="",N(Intervalos!B13)=0),"",B14+Intervalos!B13) | E14: =IF(OR(C14="",N(Intervalos!C13)=0),"",EDATE(C14,Intervalos!C13)) | F14: =IF(A14="","",IF(B14="","Sem registro",IF(OR(AND(D14<>"",$B$3>=D14),AND(E14<>"",TODAY()>=E14)),"Vencido",IF(OR(AND(D14<>"",$B$3>=D14-1000),AND(E14<>"",TODAY()>=E14-30)),"Vence logo","Em dia"))))
A15: =IF(Intervalos!A14="","",Intervalos!A14) | B15: =IF(A15="","",IF(COUNTIF('Manutenções'!$C$5:$C$204,A15)=0,"",SUMPRODUCT(MAX(('Manutenções'!$C$5:$C$204=A15)*'Manutenções'!$B$5:$B$204)))) | C15: =IF(A15="","",IF(COUNTIF('Manutenções'!$C$5:$C$204,A15)=0,"",SUMPRODUCT(MAX(('Manutenções'!$C$5:$C$204=A15)*'Manutenções'!$A$5:$A$204)))) | D15: =IF(OR(B15="",N(Intervalos!B14)=0),"",B15+Intervalos!B14) | E15: =IF(OR(C15="",N(Intervalos!C14)=0),"",EDATE(C15,Intervalos!C14)) | F15: =IF(A15="","",IF(B15="","Sem registro",IF(OR(AND(D15<>"",$B$3>=D15),AND(E15<>"",TODAY()>=E15)),"Vencido",IF(OR(AND(D15<>"",$B$3>=D15-1000),AND(E15<>"",TODAY()>=E15-30)),"Vence logo","Em dia"))))
A16: =IF(Intervalos!A15="","",Intervalos!A15) | B16: =IF(A16="","",IF(COUNTIF('Manutenções'!$C$5:$C$204,A16)=0,"",SUMPRODUCT(MAX(('Manutenções'!$C$5:$C$204=A16)*'Manutenções'!$B$5:$B$204)))) | C16: =IF(A16="","",IF(COUNTIF('Manutenções'!$C$5:$C$204,A16)=0,"",SUMPRODUCT(MAX(('Manutenções'!$C$5:$C$204=A16)*'Manutenções'!$A$5:$A$204)))) | D16: =IF(OR(B16="",N(Intervalos!B15)=0),"",B16+Intervalos!B15) | E16: =IF(OR(C16="",N(Intervalos!C15)=0),"",EDATE(C16,Intervalos!C15)) | F16: =IF(A16="","",IF(B16="","Sem registro",IF(OR(AND(D16<>"",$B$3>=D16),AND(E16<>"",TODAY()>=E16)),"Vencido",IF(OR(AND(D16<>"",$B$3>=D16-1000),AND(E16<>"",TODAY()>=E16-30)),"Vence logo","Em dia"))))
A17: =IF(Intervalos!A16="","",Intervalos!A16) | B17: =IF(A17="","",IF(COUNTIF('Manutenções'!$C$5:$C$204,A17)=0,"",SUMPRODUCT(MAX(('Manutenções'!$C$5:$C$204=A17)*'Manutenções'!$B$5:$B$204)))) | C17: =IF(A17="","",IF(COUNTIF('Manutenções'!$C$5:$C$204,A17)=0,"",SUMPRODUCT(MAX(('Manutenções'!$C$5:$C$204=A17)*'Manutenções'!$A$5:$A$204)))) | D17: =IF(OR(B17="",N(Intervalos!B16)=0),"",B17+Intervalos!B16) | E17: =IF(OR(C17="",N(Intervalos!C16)=0),"",EDATE(C17,Intervalos!C16)) | F17: =IF(A17="","",IF(B17="","Sem registro",IF(OR(AND(D17<>"",$B$3>=D17),AND(E17<>"",TODAY()>=E17)),"Vencido",IF(OR(AND(D17<>"",$B$3>=D17-1000),AND(E17<>"",TODAY()>=E17-30)),"Vence logo","Em dia"))))
... A20: =IF(Intervalos!A19="","",Intervalos!A19) | B20: =IF(A20="","",IF(COUNTIF('Manutenções'!$C$5:$C$204,A20)=0,"",SUMPRODUCT(MAX(('Manutenções'!$C$5:$C$204=A20)*'Manutenções'!$B$5:$B$204)))) | C20: =IF(A20="","",IF(COUNTIF('Manutenções'!$C$5:$C$204,A20)=0,"",SUMPRODUCT(MAX(('Manutenções'!$C$5:$C$204=A20)*'Manutenções'!$A$5:$A$204)))) | D20: =IF(OR(B20="",N(Intervalos!B19)=0),"",B20+Intervalos!B19) | E20: =IF(OR(C20="",N(Intervalos!C19)=0),"",EDATE(C20,Intervalos!C19)) | F20: =IF(A20="","",IF(B20="","Sem registro",IF(OR(AND(D20<>"",$B$3>=D20),AND(E20<>"",TODAY()>=E20)),"Vencido",IF(OR(AND(D20<>"",$B$3>=D20-1000),AND(E20<>"",TODAY()>=E20-30)),"Vence logo","Em dia"))))
A22: Vence logo = faltam 1.000 km ou 30 dias, o que vier primeiro. Ajuste os intervalos na aba Intervalos.

Sheet Como usar
A1: Como usar
A3: 1 | B3: Na aba Intervalos, ajuste os serviços e os intervalos conforme o manual do seu carro (os valores de exemplo não são recomendação).
A4: 2 | B4: Na aba Manutenções, registre cada serviço: data, quilometragem, qual serviço (lista), oficina e custos. Os campos Próxima em (km e data) são calculados.
A5: 3 | B5: Na aba Abastecimentos, registre cada tanque cheio. O consumo é a diferença de km entre dois abastecimentos dividida pelos litros.
A6: 4 | B6: Na aba Painel, digite o km atual: cada serviço mostra a última vez que foi feito e se está em dia, vence logo ou vencido.
A7: 5 | B7: O custo por km usa só o combustível. Para o custo total de uso, some as manutenções da aba Manutenções.
B9: Modelo gratuito do Excel na prática (baixarexcel.com.br/modelos/). Pode usar, editar e compartilhar.
